 Dungeon Crawl Stone Soup version 0.27-a0-1557-g57f10a3 (webtiles) character file.

Game seed: 10142978541996555815

233 Think the Cutter (level 6, -5/42 HPs)
             Began as an Octopode Fighter on July 15, 2021.
             Was a Believer of Jiyva.
             Slain by Edmund (12 damage)
             ... on level 5 of the Dungeon.
             The game lasted 00:07:56 (3471 turns).

Think the Cutter (Octopode Fighter)                 Turns: 3471, Time: 00:07:57

Health: -5/42      AC:  1    Str: 16    XL:     6   Next: 5%
Magic:  6/6        EV: 11    Int: 11    God:    Jiyva [**....]
Gold:   44         SH:  9    Dex: 12    Spells: 1/5 levels left

rFire    . . .     SeeInvis .   a - +0 rapier
rCold    . . .     Faith    .   b - +0 kite shield
rNeg     . . .     Spirit   .   (helmet restricted)
rPois    .         Reflect  .   (no amulet)
rElec    .         Harm     .   (no ring)
rCorr    .         Rampage  .   (no ring)
Will     .....                  (no ring)
Stlth    +++.......             (no ring)
HPRegen  0.14/turn              (no ring)
MPRegen  0.10/turn              (no ring)
                                (no ring)
                                (no ring)

@: very slightly contaminated, invisible
A: almost no armour, amphibious, 8 rings, camouflage 1, gelatinous body 1,
(nimble swimmer 1), tentacles
a: Renounce Religion, Request Jelly


You were on level 5 of the Dungeon.
You worshipped Jiyva.
Jiyva was pleased with you.
You visited 1 branch of the dungeon, and saw 5 of its levels.

You collected 44 gold pieces.

Inventory:

Hand Weapons
 a - a +0 rapier (weapon)
Armour
 b - a +0 kite shield (worn)
Scrolls
 c - a scroll of teleportation {unknown}
 e - a scroll of noise {unknown}


   Skills:
 - Level 3.5 Fighting
 + Level 5.0 Short Blades
 - Level 3.4 Dodging
 - Level 1.8 Stealth
 - Level 3.3 Shields


You had one spell level left.
You knew the following spells:

 Your Spells              Type           Power      Damage    Failure   Level
a - Passwall              Tmut/Erth      0%         N/A       94%         2
b - Searing Ray           Conj           0%         3d3       94%         2

Your spell library contained the following spells:

 Spells                   Type           Power      Damage    Failure   Level
 Foxfire                  Conj/Fire      0%         2x1d4     85%         1
 Magic Dart               Conj           0%         1d3       85%         1
 Swiftness                Air            0%         N/A       99%         3
 Fulminant Prism          Conj/Hex       0%         3d6       100%        4
 Invisibility             Hex            0%         N/A       100%        6


Dungeon Overview and Level Annotations

Branches:
Dungeon (5/15)
 Temple: D:4-7

Altars:
Kikubaaqudgha
Sif Muna
Trog
Vehumet
Jiyva

Shops:
D:3 *

Annotations:
D:5 Edmund


Innate Abilities, Weirdness & Mutations

You cannot wear most types of armour.
You are amphibious.
You can wear up to eight rings at the same time.
Your skin changes colour to match your surroundings (Stealth+).
Your rubbery body absorbs attacks. (AC +1, EV +1)
((You are camouflaged near water. (Stealth+)))
You have tentacles for arms and can constrict up to eight enemies at once.


Message History

Orders for allies: a - Attack new target. r - Retreat! s - Stop attacking. g - Guard the area. f - Follow me.
Anything else - Cancel.
Gang up on whom?
Press: ? - help, Dir - move target, f - Edmund
Aim: Edmund, wielding a +0 vorpal flail and wearing a +0 ring mail (unusually resistant) Attack!
The jelly hits Edmund but does no damage.
Edmund hits the jelly with a +0 vorpal flail.
The jelly dies!
Edmund grinds his teeth, and then sighs.
Edmund hits you with a +0 vorpal flail!
You hit Edmund. You grab Edmund.
Edmund is lightly wounded.
You constrict Edmund. You block Edmund's attack.
You hit Edmund but do no damage.
Edmund is lightly wounded.
You constrict Edmund. Edmund hits you with a +0 vorpal flail.
You hear a distant slurping noise.
You hit Edmund. You squeeze Edmund, but do no damage.
Edmund is moderately wounded.
You constrict Edmund. Edmund hits you with a +0 vorpal flail!
Okay, then.
Okay, then.
You release your grip on Edmund.
Edmund hits you with a +0 vorpal flail!
* * * LOW HITPOINT WARNING * * *
x2 You hear a distant slurping noise.
There is a stone staircase leading down here.
Edmund misses you.
You climb downwards.
You hear the sound of rushing water.
There is an entrance to a sewer on this level.
Hurry and find it before the portal rusts away!
Found a halberd.
There is a stone staircase leading up here.
It was a potion of invisibility.
You fade into invisibility!
You are very lightly contaminated with residual magic.
Magic restored.
Edmund hits you with a +0 vorpal flail!
You die...

#...# #...#
#####...####
...........
.......S..
...)...
#.@.# #..@#
#...# #...#
#...# ##.#.
#. . #. . ..
..


You could see Edmund (resistant) and an adder (asleep).

Vanquished Creatures
  A black bear (D:4)
  An orc wizard (D:3)
  5 adders
  An adder skeleton (D:2)
  2 worms
  A dart slug (D:1)
  4 orcs
  6 ball pythons
  An endoplasm (D:1)
  4 giant cockroaches
  6 goblins
  3 hobgoblins
  2 jackals (D:2)
  10 quokkas
  4 bats
  4 frilled lizards
  8 kobolds
  3 rats
66 creatures vanquished.

Vanquished Creatures (others)
  A black bear (D:3)
  2 jellies
  6 orc wizards (D:3)
  An ufetubus (D:3)
  A giant cockroach (D:3)
  3 hobgoblins
  2 jackals (D:2)
  2 kobolds
  A quokka (D:2)
  3 bats
  A frilled lizard (D:2)
  2 goblins
  2 rats
27 creatures vanquished.

Grand Total: 93 creatures vanquished

Notes
Turn   | Place    | Note
-------+----------+-------------------------------------------
     0 | D:1      | Think the Octopode Fighter began the quest for the Orb.
     0 | D:1      | Reached XP level 1. HP: 16/16 MP: 1/1
   218 | D:1      | Reached XP level 2. HP: 21/21 MP: 2/2
   637 | D:1      | Reached XP level 3. HP: 26/26 MP: 3/3
   895 | D:1      | Learned a level 2 spell: Passwall
  1235 | D:2      | Reached skill level 1 in Stealth
  1554 | D:2      | Reached XP level 4. HP: 18/31 MP: 4/4
  1690 | D:2      | Found a faded altar of an unknown god.
  1698 | D:2      | Became a worshipper of Jiyva Jishriel the Shapeless
  1698 | D:2      | Reached * piety under Jiyva
  2196 | D:3      | Killed a black bear
  2337 | D:3      | Reached ** piety under Jiyva
  2426 | D:3      | Reached skill level 3 in Short Blades
  2551 | D:3      | Found Litugg's General Store.
  2920 | D:3      | Found an ancient bone altar of Kikubaaqudgha.
  2928 | D:3      | Reached XP level 5. HP: 36/36 MP: 5/5
  2933 | D:3      | Found a radiant altar of Vehumet.
  2938 | D:3      | Got Vehumet's Almanac of Conjuration
  2947 | D:3      | Found a shimmering blue altar of Sif Muna.
  3285 | D:4      | Noticed a black bear
  3293 | D:4      | Killed a black bear
  3294 | D:4      | Reached skill level 4 in Short Blades
  3373 | D:4      | Found a bloodstained altar of Trog.
  3416 | D:4      | Learned a level 2 spell: Searing Ray
  3438 | D:4      | Reached XP level 6. HP: 42/42 MP: 6/6
  3445 | D:4      | Reached skill level 5 in Short Blades
  3451 | D:4      | Noticed Edmund
  3469 | D:5      | Entered Level 5 of the Dungeon
  3471 | D:5      | Slain by Edmund

Illustrated notes

Levels and vault maps discovered:
D:1:      minmay_arrival_up_and_down, layout_loops_ring
D:2:      layout_basic, ebering_ecumenical_altar_webs
D:3:      layout_basic, palyth_temple_overflow_mages, serial_shops,
          nicolae_shop_window_shopping
D:4:      layout_rooms, mainiacjoe_overflow_catwalk, zin_treasury,
          uniq_eustachio, uniq_edmund
D:5:      layout_loops_cross, lemuel_crystal_altar,
          nicolae_tso_carved_into_rock, portal_sewer_entry_a,
          corexii_item_surrounded_by_moat, grunt_tough_drop

Skill      XL: |  1  2  3  4  5  6 |
---------------+-------------------+-----
Stealth        | 1 |  1.8
Short Blades   | 3 4 5 |  5.0
Fighting       | |  3.5
Dodging        | |  3.4
Shields        | |  3.3

Action                   |  1- 3 |  4- 6 || total
-------------------------+-------+-------++-------
Melee: Rapier            |    65 |    57 ||   122
       Tentacles         |     9 |    12 ||    21
       Constrict         |    12 |    12 ||    24
Invok: Request Jelly     |       |     2 ||     2
  Use: Potion            |     1 |     1 ||     2
 Stab: Sleeping          |    10 |     7 ||    17
Armor: Skin              |     3 |     2 ||     5
Dodge: Dodged            |    21 |    18 ||    39
Block: Kite shield       |    15 |    18 ||    33

Table legend: (Time is in decaauts)
 A = Elapsed time spent in this place.
 B = Non-inter-level travel time spent in this place.
 C = Inter-level travel time spent in this place.
 D = Time resting spent in this place.
 E = Time spent auto-exploring this place.
 F = Levels seen in this place.
 G = Mean time per level.
                   A        B        C        D        E       F      G
               +--------+--------+--------+--------+--------+-----+--------+
         Total |   3507 |   3356 |    151 |    179 |   2719 |   5 |  701.4 |
       Dungeon |   3507 |   3356 |    151 |    179 |   2719 |   5 |  701.4 |
               +--------+--------+--------+--------+--------+-----+--------+

Top non-repeatable levels by time:
     D:2: 1101 daAuts
     D:1: 1087 daAuts
     D:3: 1040 daAuts
     D:4: 276 daAuts
     D:5: 1 daAuts
